 Dungeon Crawl Stone Soup version 0.22.1-6-g1668fe2c40 (webtiles) character file.

204 Kohma the Poker (level 5, -1/38 HPs)
             Began as a Merfolk Skald on Jan 19, 2019.
             Slain by a slave (5 damage)
             ... led by Pikel
             ... on level 3 of the Dungeon.
             The game lasted 00:20:03 (4219 turns).

Kohma the Poker (Merfolk Skald)                     Turns: 4219, Time: 00:20:04

Health: -1/38      AC:  6    Str: 12    XL:     5   Next: 82%
Magic:  0/9        EV: 12    Int: 13    God:
Gold:   153        SH:  0    Dex: 13    Spells: 4/9 levels left

rFire    . . .     SeeInvis .   a - +0 spear
rCold    . . .     Gourm    .   (no shield)
rNeg     . . .     Faith    .   v - -2 ring mail (curse)
rPois    .         Spirit   .   q - +2 helmet
rElec    .         Reflect  .   (no cloak)
rCorr    .         Harm     .   (no gloves)
MR       .....                  (no boots)
Stlth    +.........             (no amulet)
HPRegen  0.12/turn              (no ring)
MPRegen  0.11/turn              (no ring)

@: infused
A: change form in water, swift swim, stealthy swim
a: no special abilities


You were on level 3 of the Dungeon.
You were not hungry.

You visited 1 branch of the dungeon, and saw 4 of its levels.

You collected 153 gold pieces.

Inventory:

Hand Weapons
 a - a +0 spear (weapon)
 g - a +0 spear
 m - a +0 spear
 r - a +0 spear
 s - a +0 hunting sling
Missiles
 e - 43 stones (quivered)
 f - 38 bolts
 h - 44 arrows
 o - 44 sling bullets
 p - 4 needles of sleeping
Armour
 l - a +0 leather armour
 q - a +2 helmet (worn)
 t - a +0 leather armour
 v - a cursed -2 ring mail (worn)
 y - a +0 ring mail
Wands
 c - a wand of flame (10)
Scrolls
 b - 5 scrolls of identify {unknown}
 k - a scroll of enchant weapon {unknown}
 n - a scroll of teleportation {unknown}
 u - a scroll of fear {unknown}
 w - 2 scrolls of fog {unknown}
 x - a scroll of blinking {unknown}
Potions
 i - 4 potions of lignification {unknown}
 j - 3 potions of resistance {unknown}
 z - a potion of brilliance {unknown}
 A - a potion of agility {unknown}
Comestibles
 d - 8 rations


   Skills:
 - Level 2.1 Fighting
 * Level 6.1 Polearms
 - Level 0.6 Armour
 + Level 3.5 Dodging
 + Level 2.8 Spellcasting
 + Level 4.5 Charms


You had 4 spell levels left.
You knew the following spells:

 Your Spells              Type           Power        Failure   Level  Hunger
a - Infusion              Chrm           ##..         9%          1    #......
b - Song of Slaying       Chrm           ##......     13%         2    ###....
c - Shroud of Golubria    Chrm/Tloc      #.........   32%         2    ###....

Your spell library contained the following spells:

 Spells                   Type           Power        Failure   Level  Hunger
 Beastly Appendage        Tmut           #.....       47%         1    #......
 Regeneration             Chrm/Necr      #.........   54%         3    ###....
 Spectral Weapon          Hex/Chrm       #.......     54%         3    ###....
 Sticks to Snakes         Tmut           #.......     63%         2    ###....
 Spider Form              Tmut/Pois      #.........   85%         3    ###....
 Ice Form                 Ice/Tmut       #.......     99%         4    #####..
 Blade Hands              Tmut           #.........   100%        5    ######.


Dungeon Overview and Level Annotations

Branches:
Dungeon (4/15)
 Temple: D:4-7

Altars:
Elyvilon
Makhleb
Vehumet
Wu Jian

Annotations:
D:4 Pikel


Message History

Casting: Shroud of Golubria (safe; 32% risk of failure)
Confirm with . or Enter, or press ? or * to list all spells.
You begin infusing your attacks with magical energy.
The slave hits you but does no damage.
You miss the slave.
The slave is moderately wounded.
You closely miss the slave.
The slave is moderately wounded.
The slave hits you but does no damage.
You closely miss the slave.
The slave is moderately wounded.
The slave hits you.
* * * LOW HITPOINT WARNING * * *
You hit the slave.
The slave is heavily wounded.
The slave hits you but does no damage.
You hit the slave.
The slave is severely wounded.
The slave hits you.
You die...

#..#.# #.####...######.#
#..#.# #.# #...# #.#
#..#.#### #.# #...# #.#
#.......###.####...# #.#
...................# #.#
###.###.#.########.# ##.# #.#
#.#.# #.# #..# #.# #.#.#
####.# #.## #.###.#.# #.@p.#
#.# #.......#####.###### #.#
#####.####.........###.# #.#
#.##...)...##.# #.#
#.#######..##.# #.# #.#
#..##.# ######.# ##.##
#..##.#
#......###...######..##.####
#.######...#.).............##


You could see a slave.

Vanquished Creatures
  A slave (D:3)
  A howler monkey (D:4)
  Crazy Yiuf (D:2)
  Robin (D:2)
  5 adders
  3 worms
  A dart slug (D:1)
  2 leopard geckos (D:1)
  An orc (D:3)
  A ball python (D:3)
  2 giant cockroaches
  8 goblins
  10 hobgoblins
  9 jackals
  8 kobolds
  5 bats
  5 frilled lizards
  6 rats
70 creatures vanquished.

Notes
Turn   | Place    | Note
-------+----------+-------------------------------------------
     0 | D:1      | Kohma the Merfolk Skald began the quest for the Orb.
     0 | D:1      | Reached XP level 1. HP: 16/16 MP: 3/3
   496 | D:1      | Reached XP level 2. HP: 20/22 MP: 0/5
  1057 | D:1      | Reached XP level 3. HP: 24/27 MP: 2/6
  1665 | D:1      | Reached skill level 4 in Polearms
  1997 | D:2      | Found a burning altar of Makhleb.
  2002 | D:2      | Reached XP level 4. HP: 33/33 MP: 7/7
  2139 | D:2      | Learned a level 2 spell: Song of Slaying
  2142 | D:2      | Learned a level 2 spell: Shroud of Golubria
  2172 | D:2      | Noticed Robin
  2180 | D:2      | Killed Robin
  2214 | D:1      | Reached skill level 5 in Polearms
  2895 | D:2      | Found a white marble altar of Elyvilon.
  3015 | D:2      | Found a runed door.
  3021 | D:2      | Noticed Crazy Yiuf
  3035 | D:2      | Killed Crazy Yiuf
  3035 | D:2      | Reached XP level 5. HP: 18/38 MP: 0/9
  3262 | D:2      | Found a radiant altar of Vehumet.
  4090 | D:3      | Found an ornate altar of the Wu Jian Council.
  4174 | D:4      | Noticed a slave
  4175 | D:4      | Reached skill level 6 in Polearms
  4176 | D:4      | Noticed Pikel
  4185 | D:4      | Noticed a slave
  4187 | D:4      | Noticed a slave
  4198 | D:4      | Noticed a slave
  4203 | D:3      | Killed a slave
  4219 | D:3      | Slain by a slave

Skill      XL: |  1  2  3  4  5 |
---------------+----------------+-----
Polearms       | 4 5 6 |  6.1
Charms         | 4 |  4.5
Dodging        | 3 |  3.5
Fighting       | |  2.1
Armour         | |  0.6
Spellcasting   | |  2.8

Action                   |  1- 3 |  4- 6 || total
-------------------------+-------+-------++-------
Melee: Spear             |   147 |   167 ||   314
       Tailslap          |       |     2 ||     2
Throw: Stone             |       |     3 ||     3
 Cast: Infusion          |    15 |    14 ||    29
       Shroud of Golubri |       |     3 ||     3
  Use: Scroll            |     1 |       ||     1
  Eat: Chunk             |     4 |     7 ||    11
Armor: Leather armour    |    32 |    18 ||    50
       Ring mail         |       |    20 ||    20
Dodge: Dodged            |    91 |    85 ||   176
